 Dungeon Crawl Stone Soup version 0.30.0-5-g1a98f26d00 (webtiles) character file.

Game seed: 7197459005030650001

369 Irreverend the Stinger (level 6, -2/28 HPs)
             Began as a Spriggan Venom Mage on May 9, 2023.
             Killed from afar by Dowan (24 damage)
             ... with a shard of ice
             ... on level 4 of the Dungeon.
             The game lasted 00:18:55 (5745 turns).

Irreverend the Stinger (Spriggan Venom Mage)        Turns: 5745, Time: 00:18:56

Health: -2/28      AC:  2    Str:  4    XL:     6   Next: 41%
Magic:  0/11       EV: 17    Int: 19    God:
Gold:   210        SH:  0    Dex: 15    Spells: 1/11 levels left

rFire   . . .        (weapon restricted)
rCold   . . .        g - orb {light}
rNeg    . . .        a - +0 robe
rPois   .            (helmet restricted)
rElec   .            (no cloak)
rCorr   .            (gloves unavailable)
SInv    +            (boots unavailable)
Will    +....        (no amulet)
Stlth   +            (no ring)
HPRegen 0.24/turn    (no ring)
MPRegen 0.12/turn

%: no passive effects
@: glowing, very quick
A: very small, no large weapons, unfitting armour, see invisible, speed 3
a: no special abilities


You were on level 4 of the Dungeon.
You visited 1 branch of the dungeon, and saw 4 of its levels.
You also visited: Sewer.

You collected 210 gold pieces.

Inventory:

Armour
 a - a +0 robe (worn)
 g - an orb of light (worn)
Scrolls
 c - a scroll of brand weapon {unknown}
 d - 5 scrolls of identify {unknown}
 h - 2 scrolls of vulnerability {unknown}
 j - 2 scrolls of fog {unknown}
 k - a scroll of noise {unknown}
 n - a scroll of poison {unknown}
 o - a scroll of enchant armour {unknown}
 p - a scroll of amnesia {unknown}
 q - 2 scrolls of enchant weapon {unknown}
 r - 2 scrolls of teleportation
 v - a scroll of magic mapping {unknown}
Potions
 b - a potion of magic
 e - a potion of ambrosia {unknown}
 f - a potion of heal wounds {unknown}
 i - 2 potions of resistance {unknown}
 l - 5 potions of flight
 m - a potion of attraction {unknown}
 s - a potion of lignification {unknown}
 t - a potion of haste {unknown}
 u - a potion of brilliance {unknown}


   Skills:
 - Level 2.6 Dodging
 - Level 3.0 Stealth
 - Level 3.2 Spellcasting
 + Level 2.1 Conjurations
 - Level 1.3 Transmutations
 + Level 3.3 Air Magic
 - Level 5.0 Poison Magic


You had one spell level left.
You knew the following spells:

 Your Spells              Type           Power      Damage    Failure   Level
a - Sting                 Tmut/Pois      60%        1d6       4%          1
b - Poisonous Vapours     Pois/Air       36%        N/A       4%          2
c - Mephitic Cloud        Conj/Pois/Air  16%        N/A       11%         3
d - Olgreb's Toxic Radia  Pois           22%        N/A       19%         4

Your spell library contained the following spells:

 Spells                   Type           Power      Damage    Failure   Level
 Petrify                  Tmut/Erth      5%         N/A       75%         4
 Metabolic Englaciation   Hex/Ice        1%         N/A       99%         5
 Statue Form              Tmut/Erth      3%         N/A       100%        6


Dungeon Overview and Level Annotations

Branches:
Dungeon (4/15)              Sewer (visited)
 Temple: D:4-7

Altars:

Annotations:
D:4 Dowan


Innate Abilities, Weirdness & Mutations

You are very small and have problems with some larger weapons.
You are too small for most types of armour.
You have supernaturally acute eyesight. (SInv)
You cover ground extremely quickly. (Speed+++)


Message History

Aim: Duvessa, wielding a +0 short sword and wearing a +0 leather armour (severely wounded, very poisoned, haloed) Poisonous vapours surround Duvessa!
Duvessa looks even sicker.
You kill Duvessa!
Dowan's eyes darken. "You have made a black mistake."
Dowan seems to find hidden reserves of power!
Your Conjurations skill increases to level 2!
Your Air Magic skill increases to level 3!
Dowan gestures wildly while chanting.
Dowan blinks!
Casting: Poisonous Vapours (safe; 4% risk of failure)
Confirm with . or Enter, or press ? or * to list all spells.
Aiming: Poisonous Vapours (safe; 4% risk of failure)
Press: ? - help, Dir - move target, f - Dowan
Aim: Dowan, wielding a +0 dagger and wearing a +0 robe (moderately wounded, fast, haloed)
You miscast Poisonous Vapours.
You are very lightly contaminated with residual magic.
Nothing appears to happen.
Dowan mumbles some strange words.
Dowan blinks!
There is a stone staircase leading up here.
Dowan hits you with a +0 dagger. Dowan misses you.
Dowan says, "How can I live without her?"
Your magical contamination has completely faded away.
Dowan mumbles some strange words.
Dowan blinks!
Casting: Poisonous Vapours (safe; 4% risk of failure)
Confirm with . or Enter, or press ? or * to list all spells.
Aiming: Poisonous Vapours (safe; 4% risk of failure)
Press: ? - help, Dir - move target, f/p - Dowan
Aim: Dowan, wielding a +0 dagger and wearing a +0 robe (moderately wounded, fast) Poisonous vapours surround Dowan!
Dowan is poisoned.
Dowan casts a spell.
Dowan blinks!
Dowan gestures wildly while chanting.
Dowan blinks!
Dowan casts a spell at you. The shard of ice hits you!!
Ouch! That really hurt!
You die...

#e##.......####....###
#.##..................
#..'................##
####..........<...#...
#...e.......#..####
#.......###.#......
#.Z.....###.#.#####
#...##.............
#.@.##........#####
#...##.............
#...##.............
#...##.....?.......
#...##...).........
#...#######.##.....
#...# #........ #...#
#....?... #........


You could see Dowan (fast, poisoned) and a water moccasin zombie.

Vanquished Creatures
  Duvessa (D:4)
  A bullfrog zombie (D:4)
  A sickly merfolk siren (Sewer)
  A malarious merfolk avatar (Sewer)
  3 gnolls (D:2)
  4 adders
  2 river rats
  An ufetubus (D:4)
  3 worms
  A dart slug (D:4)
  An orc (D:3)
  2 endoplasms
  7 giant cockroaches
  8 goblins
  4 hobgoblins
  4 kobolds
  4 quokkas
  15 ball pythons
  8 bats
  7 frilled lizards
  36 rats
114 creatures vanquished.

Notes
Turn   | Place    | Note
-------+----------+-------------------------------------------
     0 | D:1      | Irreverend the Spriggan Venom Mage began the quest for the
                  | Orb.
     0 | D:1      | Reached XP level 1. HP: 9/9 MP: 5/5
   234 | D:1      | Reached XP level 2. HP: 13/13 MP: 2/7
   312 | D:1      | Found a faded altar of an unknown god.
   937 | D:2      | Learned a level 2 spell: Poisonous Vapours
  1061 | D:2      | Reached XP level 3. HP: 14/16 MP: 0/8
  1364 | D:2      | Reached skill level 4 in Poison Magic
  1965 | D:2      | Reached XP level 4. HP: 21/21 MP: 6/9
  1969 | D:2      | Learned a level 3 spell: Mephitic Cloud
  2871 | D:3      | Reached skill level 1 in Air Magic
  2871 | D:3      | Reached skill level 5 in Poison Magic
  2966 | D:3      | Found a glowing drain.
  2975 | Sewer    | Entered a sewer
  3334 | Sewer    | Reached XP level 5. HP: 24/24 MP: 5/10
  4111 | Sewer    | Reached skill level 1 in Conjurations
  4872 | D:3      | Learned a level 4 spell: Olgreb's Toxic Radiance
  5414 | D:4      | Noticed a phantom
  5583 | D:4      | Noticed Duvessa
  5585 | D:4      | Noticed Dowan
  5628 | D:4      | Reached XP level 6. HP: 13/28 MP: 1/11
  5720 | D:4      | Killed Duvessa
  5745 | D:4      | Killed from afar by Dowan

Illustrated notes

Levels and vault maps discovered:
D:1:      dpeg_arrival_simpleton_c, layout_loops_ring,
          hellmonk_ecumenical_altar_blasted, serial_bayou_crossing
D:2:      layout_basic
D:3:      layout_basic, portal_sewer_entry_b
D:4:      layout_basic, serial_undead, serial_undead_c, serial_undead_a,
          serial_undead_b, serial_undead_b, uniq_duvessa

Skill      XL: |  1  2  3  4  5  6 |
---------------+-------------------+-----
Spellcasting   | 3 |  3.2
Poison Magic   | 4 5 |  5.0
Air Magic      | 1 2 3 |  3.3
Conjurations   | 1 2 |  2.1
Dodging        | |  2.6
Stealth        | |  3.0
Transmutations | |  1.3

Action                     |  1- 3 |  4- 6 || total
---------------------------+-------+-------++-------
  Melee: Unarmed           |       |     7 ||     7
         Punch             |       |     1 ||     1
   Cast: Sting             |    52 |   109 ||   161
         Poisonous Vapours |    15 |    76 ||    91
    Use: Scroll            |       |     1 ||     1
         Potion            |       |     1 ||     1
 Armour: Robe              |     3 |    10 ||    13
  Dodge: Dodged            |    15 |    92 ||   107
